[Event "Millennium-Meisterturnier 2022"]
[Site "Tornelo"]
[Date "2022.03.23"]
[Round "1.1"]
[White "Lohvinov, Petro"]
[Black "Costa, Leonardo"]
[Result "0-1"]
[ECO "B10"]
[WhiteElo "2230"]
[BlackElo "2324"]
[Annotator "NA"]
[PlyCount "120"]
[EventDate "2022.03.23"]
[EventType "tourn"]
[EventCountry "NET"]
[SourceTitle "playchess.com"]
[Source "ChessBase"]
[SourceQuality "1"]
[TimeControl "40/5400+30:1800+30"]

1. e4 c6 2. Nf3 d5 3. exd5 cxd5 4. Ne5 Nc6 5. d4 Nf6 6. Bb5 Bd7 7. Nxd7 Qxd7 8. c3 e6 9. O-O Bd6 10. Nd2 O-O 11. Re1 Qc7 12. h3 Rac8 13. Nf3 Bf4 14. Bd3 Bxc1 15. Qxc1 Na5 16. Ne5 Nc4 17. Nxc4 dxc4 18. Be4 Rfd8 19. Bf3 Rb8 20. Re3 b5 21. Qe1 $11 Qb6 22. Qe2 Nd5 23. Bxd5 Rxd5 24. a3 h6 25. Re1 Rbd8 26. Re5 a5 27. Rxd5 Rxd5 28. Rc1 Qc6 29. Qe3 Qd6 30. Qe2 e5 31. a4 bxa4 32. dxe5 Rxe5 33. Qxc4 Qd2 34. Rf1 Qxb2 35. Qxa4 Qxc3 36. g3 Re1 37. Qd7 Rxf1+ 38. Kxf1 g6 39. Qa4 Kg7 40. Ke2 Qb4 41. Qa1+ Kg8 42. Qa2 Qe4+ 43. Kd1 Qd4+ 44. Ke2 a4 45. h4 h5 46. Qa3 Kg7 47. Qa2 Qb4 48. Kd3 Qb3+ 49. Qxb3 axb3 50. Kc3 Kf6 51. Kxb3 Ke5 52. Kc3 Ke4 53. Kd2 Kf3 54. Ke1 f5 55. Kf1 f4 56. gxf4 Kxf4 57. Ke2 Kg4 58. Ke3 Kxh4 59. Kf4 Kh3 60. Kg5 h4 0-1

[Event "Millennium-Meisterturnier 2022"]
[Site "Tornelo"]
[Date "2022.03.23"]
[Round "1.2"]
[White "Goldbeck, Lars"]
[Black "Lerch, Johannes"]
[Result "1-0"]
[ECO "E29"]
[WhiteElo "2259"]
[BlackElo "2229"]
[Annotator "NA"]
[PlyCount "71"]
[EventDate "2022.03.23"]
[EventType "tourn"]
[EventCountry "NET"]
[SourceTitle "playchess.com"]
[Source "ChessBase"]
[SourceQuality "1"]
[TimeControl "40/5400+30:1800+30"]

1. d4 Nf6 2. c4 e6 3. Nc3 Bb4 4. a3 Bxc3+ 5. bxc3 c5 6. e3 Nc6 7. Bd3 O-O 8. Ne2 d6 9. O-O b6 10. e4 $1 Nd7 11. Be3 (11. f4 $11) 11... Na5 12. Ng3 Ba6 13. Qe2 Rc8 14. Rac1 Qc7 15. f4 cxd4 16. cxd4 Bxc4 17. Bxc4 Nxc4 18. f5 d5 (18... b5 $1 $11) 19. e5 (19. Nh5 $14 exf5 20. exf5) 19... Qd8 20. f6 Nxe3 21. Qxe3 Rxc1 22. Qxc1 gxf6 23. exf6 (23. Nh5 $11 Kh8 24. Nxf6) 23... Kh8 24. Nh5 {[#]} Rg8 ({Black should play} 24... b5 $1 $17) 25. Qc6 $15 Nb8 26. Qb7 Qd7 27. Qxd7 Nxd7 28. Rc1 h6 29. Rc7 Rd8 30. Rxa7 Kh7 31. g4 Kg6 32. h4 e5 33. Rb7 exd4 34. Nf4+ Kxf6 35. Nxd5+ Ke5 36. Ne7 1-0

[Event "Millennium-Meisterturnier 2022"]
[Site "Tornelo"]
[Date "2022.03.23"]
[Round "1.4"]
[White "Huber, Benedikt"]
[Black "Hess, Max"]
[Result "1-0"]
[ECO "B15"]
[WhiteElo "2191"]
[BlackElo "2395"]
[Annotator "NA"]
[PlyCount "63"]
[EventDate "2022.03.23"]
[EventType "tourn"]
[EventCountry "NET"]
[SourceTitle "playchess.com"]
[Source "ChessBase"]
[SourceQuality "1"]
[TimeControl "40/5400+30:1800+30"]

1. d4 g6 2. e4 c6 3. Nc3 d5 4. h3 dxe4 5. Nxe4 Bg7 6. Nf3 Nf6 7. Nxf6+ exf6 8. Bc4 O-O 9. O-O a5 10. a4 Na6 11. c3 Nc7 12. Bf4 Nd5 13. Bh2 Be6 14. Nd2 Bh6 15. Bb3 f5 16. Nc4 f4 17. Ne5 Qb6 18. Bxd5 cxd5 19. Nd3 Bf5 20. Nxf4 Bxf4 21. Bxf4 Qxb2 22. Bh6 Rfd8 (22... Rfc8 $11) 23. Qf3 Rac8 $2 {[#]} (23... Qb6 $1 $11) 24. g4 $1 Rxc3 {[#]} 25. Qf4 $18 Rxh3 26. gxf5 Qc3 27. fxg6 hxg6 28. Rac1 Qd3 29. Rc7 Qf3 30. Qxf3 Rxf3 31. Be3 Kg7 32. Rb1 1-0

[Event "Millennium-Meisterturnier 2022"]
[Site "Tornelo"]
[Date "2022.03.23"]
[Round "2.1"]
[White "Costa, Leonardo"]
[Black "Schneider, Jana"]
[Result "1/2-1/2"]
[ECO "C54"]
[WhiteElo "2324"]
[BlackElo "2266"]
[Annotator "NA"]
[PlyCount "66"]
[EventDate "2022.03.23"]
[EventType "tourn"]
[EventCountry "NET"]
[SourceTitle "playchess.com"]
[Source "ChessBase"]
[SourceQuality "1"]
[TimeControl "40/5400+30:1800+30"]

1. e4 e5 2. Nf3 Nc6 3. Bc4 Bc5 4. d3 Nf6 5. O-O d6 6. c3 a6 7. Bb3 Ba7 8. Nbd2 O-O 9. h3 h6 10. Re1 Be6 11. Nf1 d5 12. exd5 Nxd5 13. Ng3 Re8 14. Bc2 Qe7 (14... Qd6 $11) 15. Bd2 Rad8 (15... Qc5 $5 ) 16. Qe2 $11 Qd7 17. Qf1 Qd6 18. Nh4 Qe7 19. Nhf5 Qf6 20. d4 Bxf5 21. Nxf5 Nde7 22. dxe5 Nxe5 23. Nxe7+ Rxe7 24. Rad1 Red7 25. Bc1 Rxd1 26. Rxd1 Rxd1 27. Bxd1 Nd3 28. Qxd3 Qxf2+ 29. Kh2 Qg1+ 30. Kg3 Qf2+ 31. Kh2 Qg1+ 32. Kg3 Qf2+ 33. Kh2 Qg1+ 1/2-1/2

[Event "Millennium-Meisterturnier 2022"]
[Site "Tornelo"]
[Date "2022.03.23"]
[Round "2.3"]
[White "Soham Das"]
[Black "Huber, Benedikt"]
[Result "0-1"]
[ECO "C54"]
[WhiteElo "2330"]
[BlackElo "2191"]
[Annotator "NA"]
[PlyCount "136"]
[EventDate "2022.03.23"]
[EventType "tourn"]
[EventCountry "NET"]
[SourceTitle "playchess.com"]
[Source "ChessBase"]
[SourceQuality "1"]
[TimeControl "40/5400+30:1800+30"]

1. e4 e5 2. Nf3 Nc6 3. Bc4 Nf6 4. d3 Bc5 5. O-O a6 6. c3 d6 7. Bb3 Ba7 8. Nbd2 O-O 9. h3 h6 10. Re1 Re8 11. Nf1 Be6 12. Bc2 d5 13. exd5 Bxd5 14. Ng3 Qd6 15. Nh4 Ne7 16. Qe2 Nd7 17. d4 Ng6 $11 (17... exd4 $5 18. Nhf5 Qe6 $11) 18. Ngf5 Qc6 19. Nxg6 fxg6 20. Ne3 exd4 21. Nxd5 Rxe2 22. Rxe2 Kh7 23. Nf4 Nf8 24. Be4 Qd6 25. Bxb7 Rb8 26. Be4 dxc3 27. bxc3 Re8 28. g3 Qf6 29. Bd2 Kh8 30. Rae1 g5 31. Nd5 Qd6 32. Bg2 Rxe2 33. Rxe2 Qxg3 34. c4 Qd3 35. Re8 Kg8 36. Bb4 Qb1+ 37. Bf1 c5 38. Bc3 Bb8 39. Re7 Qg6 40. Rb7 Bd6 41. Bg2 Ne6 42. Rb6 Nf4 43. Ne7+ Bxe7 44. Rxg6 Nxg6 45. Bb7 Nf4 46. Kf1 Bf6 47. Ba5 Kf7 48. Bxa6 Ke7 49. Bb6 Kd6 50. Bb7 Ne6 51. a4 Bd8 52. Bxd8 Nxd8 53. a5 Nc6 54. a6 Kc7 55. Ke2 Ne5 56. Bd5 Kb6 57. Ke3 Kxa6 58. Ke4 Ng6 59. Bf7 Nf4 60. h4 Nh3 61. h5 Nxf2+ 62. Kf5 Nd3 63. Bd5 Nf4 64. Bf3 Ka5 65. Kg4 Kb4 66. Bd5 Kc3 67. Bf7 Kd3 68. Kf5 Kd4 0-1

[Event "Millennium-Meisterturnier 2022"]
[Site "Tornelo"]
[Date "2022.03.23"]
[Round "2.4"]
[White "Lerch, Johannes"]
[Black "Nestorovic, Nikola"]
[Result "0-1"]
[ECO "B31"]
[WhiteElo "2229"]
[BlackElo "2456"]
[Annotator "ChessBase"]
[PlyCount "96"]
[EventDate "2022.03.23"]
[EventType "tourn"]
[EventCountry "NET"]
[SourceTitle "playchess.com"]
[Source "ChessBase"]
[SourceQuality "1"]
[TimeControl "40/5400+30:1800+30"]

1. e4 c5 2. Nf3 Nc6 3. Bb5 g6 4. O-O Bg7 5. Nc3 e5 6. a3 Nge7 7. b4 d6 8. Bc4 O-O 9. d3 h6 10. bxc5 dxc5 11. Rb1 b6 12. Be3 Nd4 13. Nd5 Be6 14. Bxd4 cxd4 15. Nxe7+ Qxe7 16. Bxe6 Qxe6 17. Nd2 Qc6 18. Rb2 Qa4 19. Nc4 b5 20. Rb4 Qa6 21. Nd2 Rab8 22. a4 bxa4 23. Qb1 Rxb4 24. Qxb4 Rc8 25. Nc4 Bf8 26. Qb2 Rxc4 27. dxc4 Qxc4 28. Ra1 a3 29. Qa2 Qe2 30. f3 Qe3+ 31. Kh1 Bb4 32. Rb1 a5 33. Rg1 Qc3 34. Rb1 h5 35. Kg1 h4 36. h3 Qe3+ 37. Kh1 Qe2 38. Qb3 Qd2 39. Ra1 Qe2 40. Qd3 Qf2 41. Rf1 Qg3 42. Rd1 a2 43. Qc4 Bd2 44. Qxa2 Bf4 45. Kg1 Qh2+ 46. Kf1 Qh1+ 47. Ke2 Qxg2+ 48. Kd3 Qxf3+ 0-1

[Event "Millennium-Meisterturnier 2022"]
[Site "Tornelo"]
[Date "2022.03.23"]
[Round "2.5"]
[White "Lohvinov, Petro"]
[Black "Goldbeck, Lars"]
[Result "1-0"]
[ECO "B12"]
[WhiteElo "2230"]
[BlackElo "2259"]
[Annotator "NA"]
[PlyCount "53"]
[EventDate "2022.03.23"]
[EventType "tourn"]
[EventCountry "NET"]
[SourceTitle "playchess.com"]
[Source "ChessBase"]
[SourceQuality "1"]
[TimeControl "40/5400+30:1800+30"]

1. e4 c6 2. d4 d5 3. e5 Bf5 4. Nf3 e6 5. Be2 Ne7 6. O-O Ng6 7. Be3 Nd7 8. Ne1 h5 9. c3 c5 10. Nd2 h4 11. a4 Qb6 12. Ra2 a6 $14 13. h3 Ne7 14. dxc5 Qc7 15. b4 Nxe5 16. Ndf3 Nxf3+ 17. Nxf3 e5 18. Rd2 f6 19. Re1 Rd8 20. c4 d4 21. Bxd4 Nc6 22. b5 Nb4 23. Nxe5 fxe5 24. Bxe5 Rxd2 25. Qxd2 Qxc5 26. Bd4 Qe7 27. Bg4 1-0

[Event "Millennium-Meisterturnier 2022"]
[Site "Tornelo"]
[Date "2022.03.23"]
[Round "3.1"]
[White "Goldbeck, Lars"]
[Black "Costa, Leonardo"]
[Result "0-1"]
[ECO "A13"]
[WhiteElo "2259"]
[BlackElo "2324"]
[Annotator "NA"]
[PlyCount "86"]
[EventDate "2022.03.23"]
[EventType "tourn"]
[EventCountry "NET"]
[SourceTitle "playchess.com"]
[Source "ChessBase"]
[SourceQuality "1"]
[TimeControl "40/5400+30:1800+30"]

1. Nf3 d5 2. e3 Nf6 3. c4 e6 4. Nc3 Be7 5. b3 O-O 6. Bb2 b6 7. cxd5 exd5 8. d4 Be6 (8... Re8 $11) 9. Be2 c5 10. O-O Nbd7 (10... Nc6 $11) 11. Ne5 Nxe5 12. dxe5 Ne4 13. Nxe4 dxe4 $11 14. Qc2 Qd5 15. f4 f5 16. g4 g6 17. gxf5 gxf5 18. Kh1 h6 19. Rad1 Qc6 20. Bc4 Kh7 21. Bxe6 Qxe6 22. Qc4 Qxc4 23. bxc4 Rad8 24. Rd5 b5 25. Rfd1 bxc4 26. Rd7 Rxd7 27. Rxd7 Re8 28. Rxa7 Kg6 29. Ra6+ Kg7 30. Re6 Rb8 31. Rxe7+ Kf8 32. Rc7 Rxb2 33. Rxc5 Re2 34. Rxc4 Rxe3 35. Rc6 Rf3 36. Rf6+ Ke7 37. Rxf5 e3 38. Kg2 e2 39. Kxf3 e1=Q 40. h3 Qc3+ 41. Kg4 Qc8 42. a4 Qe6 43. a5 Qg6+ 0-1

[Event "Millennium-Meisterturnier 2022"]
[Site "Tornelo"]
[Date "2022.03.23"]
[Round "3.2"]
[White "Nestorovic, Nikola"]
[Black "Lohvinov, Petro"]
[Result "1/2-1/2"]
[ECO "B07"]
[WhiteElo "2456"]
[BlackElo "2230"]
[Annotator "ChessBase"]
[PlyCount "78"]
[EventDate "2022.03.23"]
[EventType "tourn"]
[EventCountry "NET"]
[SourceTitle "playchess.com"]
[Source "ChessBase"]
[SourceQuality "1"]
[TimeControl "40/5400+30:1800+30"]

1. d4 Nf6 2. Nf3 g6 3. Nbd2 Bg7 4. e4 d6 5. Bb5+ Bd7 6. Bd3 Nc6 7. c3 e5 8. O-O O-O 9. Re1 Nh5 10. dxe5 dxe5 11. Nc4 Bg4 12. h3 Be6 13. Bg5 Qd7 14. Bf1 Qxd1 15. Rexd1 h6 16. Be3 Rfd8 17. b4 Nf6 18. Nfd2 Nd7 19. a4 Ne7 20. b5 a6 21. Nb3 axb5 22. axb5 b6 23. Ncd2 Nf8 24. Be2 g5 25. c4 Nfg6 26. c5 Nf4 27. Bf1 bxc5 28. Nxc5 Rab8 29. Ra7 Nc8 30. Rxc7 Bf8 31. Na6 Ra8 32. b6 Nxb6 33. Bxb6 Bb3 34. Rcc1 Bxd1 35. Bxd8 Be2 36. Nc4 Bxc4 37. Bxc4 Rxd8 38. g3 Nxh3+ 39. Kg2 g4 1/2-1/2

[Event "Millennium-Meisterturnier 2022"]
[Site "Tornelo"]
[Date "2022.03.23"]
[Round "3.3"]
[White "Huber, Benedikt"]
[Black "Lerch, Johannes"]
[Result "1-0"]
[ECO "E04"]
[WhiteElo "2191"]
[BlackElo "2229"]
[Annotator "NA"]
[PlyCount "77"]
[EventDate "2022.03.23"]
[EventType "tourn"]
[EventCountry "NET"]
[SourceTitle "playchess.com"]
[Source "ChessBase"]
[SourceQuality "1"]
[TimeControl "40/5400+30:1800+30"]

1. d4 Nf6 2. c4 e6 3. g3 d5 4. Bg2 dxc4 5. Nf3 a6 6. O-O Nc6 7. Nbd2 Be7 8. Nxc4 O-O 9. b3 Rb8 $16 10. Bb2 Bd7 11. Rc1 Re8 12. Ne1 b5 13. Nd2 Na5 14. Nd3 b4 15. Nc4 Nxc4 16. bxc4 a5 17. e4 Bc8 18. d5 h6 19. Qf3 a4 20. e5 Nh7 21. Rfd1 exd5 22. cxd5 Bf8 23. Nf4 b3 24. a3 Ba6 25. h4 Bxa3 26. Bxa3 b2 27. Bxb2 Rxb2 28. e6 fxe6 29. dxe6 Qb8 30. Rd7 Nf6 31. Nh5 Nxh5 32. Qxh5 Rxf2 33. Kxf2 Qb2+ 34. Kg1 Qxc1+ 35. Kh2 Rf8 36. e7 Rb8 37. e8=Q+ Rxe8 38. Qf7+ Kh8 39. Qxg7# 1-0

[Event "Millennium-Meisterturnier 2022"]
[Site "Tornelo"]
[Date "2022.03.23"]
[Round "3.5"]
[White "Schneider, Jana"]
[Black "Hess, Max"]
[Result "1-0"]
[ECO "B12"]
[WhiteElo "2266"]
[BlackElo "2395"]
[Annotator "NA"]
[PlyCount "141"]
[EventDate "2022.03.23"]
[EventType "tourn"]
[EventCountry "NET"]
[SourceTitle "playchess.com"]
[Source "ChessBase"]
[SourceQuality "1"]
[TimeControl "40/5400+30:1800+30"]

1. e4 c6 2. d4 d5 3. e5 c5 4. dxc5 e6 5. Nf3 Bxc5 6. Bd3 f6 {6...Ne7 is becoming the main line.} 7. exf6 Nxf6 8. O-O Nc6 9. c4 dxc4 10. Bxc4 Qxd1 11. Rxd1 Ne4 12. Rf1 {[#]} Nd4 $146 ({Predecessor:} 12... O-O 13. Be3 Bxe3 14. fxe3 Rd8 15. Na3 a6 16. Bb3 b5 17. Rac1 Nb4 18. Nc4 Nxa2 {½-½ (49) Mazzonna,R (1613)-Pradeilles,G (1996) ICCF email 2021}) 13. Nbd2 Nxd2 14. Nxd2 b5 15. Bd3 O-O 16. Ne4 Bb6 17. Be3 Bd7 18. Rac1 Rac8 19. Rc3 $11 b4 20. Rxc8 Rxc8 21. Rd1 e5 22. Nd6 Rc6 23. Nc4 Bc7 24. b3 Bg4 25. f3 Bh5 26. Be4 Ra6 27. Bd5+ Kf8 28. Rd2 Bf7 29. Bxd4 exd4 30. Bxf7 Kxf7 31. Rxd4 Ke6 32. Rd2 Bf4 33. Re2+ Kd5 34. g3 Bh6 35. f4 Kd4 36. Kf2 g5 37. Kf3 gxf4 38. gxf4 Rf6 39. Re4+ Kc3 40. Ne3 Rd6 41. Rc4+ Kb2 42. Rxb4 Kxa2 43. Ra4+ Kxb3 44. Rxa7 Rd2 45. Rxh7 Bf8 46. f5 Kb4 47. f6 Kc5 48. Rc7+ Kb5 49. h4 Rd6 50. Rf7 Rd8 51. Kg4 Kc6 52. Kf5 Bh6 53. Ng4 Bc1 54. h5 Kd6 55. Ne5 Rc8 56. Rd7+ Kc5 57. Ke6 Bh6 58. f7 Ra8 59. Rc7+ Kd4 60. Rc4+ Ke3 61. Rc6 Kf4 62. Nd7 Kg5 63. Rc5+ Kh4 64. Rd5 Bg7 65. Rf5 Rh8 66. Nf6 Bh6 67. Ng8 Bf8 68. h6 Kg4 69. Rb5 Ba3 70. Kf6 Kh4 71. Kg7 1-0

[Event "Millennium-Meisterturnier 2022"]
[Site "Tornelo"]
[Date "2022.03.23"]
[Round "4.1"]
[White "Costa, Leonardo"]
[Black "Hess, Max"]
[Result "1-0"]
[ECO "B46"]
[WhiteElo "2324"]
[BlackElo "2395"]
[Annotator "ChessBase"]
[PlyCount "147"]
[EventDate "2022.03.23"]
[EventType "tourn"]
[EventCountry "NET"]
[SourceTitle "playchess.com"]
[Source "ChessBase"]
[SourceQuality "1"]
[TimeControl "40/5400+30:1800+30"]

1. e4 c5 2. Nf3 e6 3. d4 cxd4 4. Nxd4 Nc6 5. Nc3 Qc7 6. f4 a6 7. Nxc6 bxc6 8. Bd3 d5 9. O-O Nf6 10. Qe2 Be7 11. Bd2 Bb7 12. Rae1 O-O 13. e5 Nd7 14. f5 exf5 15. Bxf5 Bc5+ 16. Kh1 Rae8 17. Bf4 Qd8 18. Qg4 Bc8 19. Bh6 g6 20. Bxf8 Nxf8 21. Bxc8 Qxc8 22. Qxc8 Rxc8 23. Na4 Ba7 24. g3 Ne6 25. c3 Ng5 26. Rf4 Ne4 27. Rfxe4 dxe4 28. Rxe4 Re8 29. Rc4 Rxe5 30. Rxc6 Re1+ 31. Kg2 Re2+ 32. Kf3 Rf2+ 33. Ke4 Rxh2 34. Rxa6 Bg1 35. c4 Re2+ 36. Kd3 Re3+ 37. Kd2 Rxg3 38. c5 Rg2+ 39. Kd3 h5 40. c6 Bh2 41. b4 h4 42. b5 h3 43. b6 Rg3+ 44. Kc2 Rg2+ 45. Kb3 Kg7 46. Ra8 Be5 47. c7 h2 48. c8=Q h1=Q 49. Qf8+ Kf6 50. Qh8+ Qxh8 51. Rxh8 Rg3+ 52. Kb4 Bd6+ 53. Kc4 Ra3 54. Nc3 Be5 55. Nd5+ Kg5 56. Re8 Bd6 57. Nc3 f5 58. b7 Ra7 59. b8=Q Bxb8 60. Rxb8 f4 61. a4 Kg4 62. Rf8 g5 63. Kb5 Kf3 64. a5 Rb7+ 65. Kc6 Rb3 66. Nb5 Rb1 67. a6 Ra1 68. a7 g4 69. a8=Q Rxa8 70. Rxa8 g3 71. Nd4+ Ke3 72. Kd5 g2 73. Ra3+ Kf2 74. Nf3 1-0

[Event "Millennium-Meisterturnier 2022"]
[Site "Tornelo"]
[Date "2022.03.23"]
[Round "5.2"]
[White "Huber, Benedikt"]
[Black "Goldbeck, Lars"]
[Result "1/2-1/2"]
[ECO "E01"]
[WhiteElo "2191"]
[BlackElo "2259"]
[Annotator "ChessBase"]
[PlyCount "89"]
[EventDate "2022.03.23"]
[EventType "tourn"]
[EventCountry "NET"]
[SourceTitle "playchess.com"]
[Source "ChessBase"]
[SourceQuality "1"]
[TimeControl "40/5400+30:1800+30"]

1. d4 d5 2. c4 e6 3. Nf3 Nf6 4. g3 Bb4+ 5. Nbd2 O-O 6. Bg2 a5 7. O-O b6 8. cxd5 exd5 9. Nb1 Bb7 10. Bf4 Re8 11. a3 Bd6 12. Nc3 Nbd7 13. Bxd6 cxd6 14. Nd2 Ne4 15. e3 Ndf6 16. Rc1 Qd7 17. Ndxe4 dxe4 18. Qb3 Ba6 19. Rfd1 d5 20. Qxb6 Bc4 21. b3 Ra6 22. Qc5 Bxb3 23. Re1 Bc4 24. a4 Rc8 25. Qa3 Rac6 26. f3 exf3 27. Bxf3 Qf5 28. Bg2 Rb6 29. e4 Qg4 30. Nxd5 Bxd5 31. Rxc8+ Qxc8 32. exd5 h5 33. Qc5 Qb8 34. Qxa5 h4 35. gxh4 Rb2 36. Qc3 Nxd5 37. Qc6 Rb1 38. Rxb1 Qxb1+ 39. Bf1 Qe4 40. Qc8+ Kh7 41. Qc4 Qe3+ 42. Kh1 Qf3+ 43. Kg1 Qe3+ 44. Kh1 Qf3+ 45. Kg1 1/2-1/2

[Event "Millennium-Meisterturnier 2022"]
[Site "Tornelo"]
[Date "2022.03.23"]
[Round "5.4"]
[White "Schneider, Jana"]
[Black "Lerch, Johannes"]
[Result "1-0"]
[ECO "C79"]
[WhiteElo "2266"]
[BlackElo "2229"]
[Annotator "ChessBase"]
[PlyCount "71"]
[EventDate "2022.03.23"]
[EventType "tourn"]
[EventCountry "NET"]
[SourceTitle "playchess.com"]
[Source "ChessBase"]
[SourceQuality "1"]
[TimeControl "40/5400+30:1800+30"]

1. e4 e5 2. Nf3 Nc6 3. Bb5 a6 4. Ba4 Nf6 5. O-O d6 6. Re1 Bd7 7. c3 g6 8. d4 Bg7 9. Nbd2 O-O 10. Nf1 Re8 11. Ng3 h6 12. Bb3 Na5 13. Bc2 c5 14. d5 c4 15. b4 cxb3 16. axb3 b5 17. Bd2 Nb7 18. b4 Qc7 19. Qe2 Reb8 20. Bd3 Bc8 21. Rec1 Qd8 22. Ra2 Ne8 23. Be3 Qd7 24. Rxa6 Nc7 25. Rxa8 Rxa8 26. Bb6 h5 27. Qb2 Ne8 28. Ra1 Rxa1+ 29. Qxa1 Bh6 30. Qa8 Nc7 31. Qb8 Na6 32. Qa7 Nc7 33. Bxc7 Qxc7 34. Bxb5 Qxc3 35. Bc6 Qa1+ 36. Qxa1 1-0

[Event "Millennium-Meisterturnier 2022"]
[Site "Tornelo"]
[Date "2022.03.23"]
[Round "5.5"]
[White "Hess, Max"]
[Black "Soham Das"]
[Result "0-1"]
[ECO "D11"]
[WhiteElo "2395"]
[BlackElo "2330"]
[Annotator "ChessBase"]
[PlyCount "114"]
[EventDate "2022.03.23"]
[EventType "tourn"]
[EventCountry "NET"]
[SourceTitle "playchess.com"]
[Source "ChessBase"]
[SourceQuality "1"]
[TimeControl "40/5400+30:1800+30"]

1. d4 d5 2. Nf3 Nf6 3. g3 c6 4. Bg2 Bf5 5. c4 e6 6. Nc3 Nbd7 7. Qb3 Qb6 8. c5 Qa6 9. Bf1 Ne4 10. e3 b5 11. a4 Qa5 12. Bd2 Nxd2 13. Nxd2 Rb8 14. Be2 b4 15. Na2 h5 16. O-O e5 17. Nc1 Be7 18. Qd1 Qc7 19. Bxh5 Nf6 20. Be2 e4 21. f3 g6 22. Rf2 exf3 23. Bxf3 Qd7 24. Nf1 Ne4 25. Re2 Ng5 26. Nd2 Kf8 27. Rg2 Kg7 28. Ne2 Rbe8 29. Nf4 Bf6 30. g4 Rxe3 31. gxf5 Qxf5 32. Nh5+ gxh5 33. h4 Kf8 34. hxg5 Bxd4 35. Kh1 Bxb2 36. Qb1 Qe5 37. g6 fxg6 38. Qf1 Kg7 39. Rd1 Rf8 40. Qg1 Rf6 41. Qh2 Qxh2+ 42. Rxh2 Bc3 43. Be2 Rfe6 44. Bf1 Re1 45. Rxe1 Rxe1 46. Kg1 Ra1 47. Re2 Kf6 48. Rf2+ Ke7 49. Kg2 Rxa4 50. Bd3 Bxd2 51. Rxd2 b3 52. Kf3 Rb4 53. Bxg6 a5 54. Ke3 a4 55. Bb1 a3 56. Kd3 Ra4 57. Re2+ Kd8 0-1

[Event "Millennium-Meisterturnier 2022"]
[Site "Tornelo"]
[Date "2022.03.23"]
[Round "6.1"]
[White "Costa, Leonardo"]
[Black "Soham Das"]
[Result "1/2-1/2"]
[ECO "B70"]
[WhiteElo "2324"]
[BlackElo "2330"]
[Annotator "NA"]
[PlyCount "109"]
[EventDate "2022.03.23"]
[EventType "tourn"]
[EventCountry "NET"]
[SourceTitle "playchess.com"]
[Source "ChessBase"]
[SourceQuality "1"]
[TimeControl "40/5400+30:1800+30"]

1. e4 c5 2. Nf3 d6 3. d4 cxd4 4. Nxd4 Nf6 5. Nc3 g6 6. Bc4 Bg7 7. O-O O-O 8. Re1 Nc6 9. Bb3 Bd7 10. Nf3 Bg4 11. h3 Bxf3 12. Qxf3 Nd7 13. Bg5 h6 14. Bh4 Nc5 15. Rab1 a5 16. Bd5 Rc8 17. a3 Nd4 18. Qd1 g5 19. Bg3 e6 20. Ba2 Be5 21. Ne2 Nxe2+ 22. Qxe2 Bxg3 23. fxg3 Qf6 24. Kh2 Qe5 25. c3 Kg7 26. Rbd1 Rc6 27. Rd4 a4 28. Bb1 Rb6 29. Rb4 Rxb4 30. axb4 Nd7 31. Rd1 Nf6 32. Qd3 Rd8 33. Qd4 Qxd4 34. Rxd4 b5 35. e5 Nd5 36. exd6 Rxd6 37. g4 Kf6 38. Kg3 Ke7 39. Bd3 Rb6 40. Bf1 Nc7 41. Kf3 Ne8 42. Ke3 Nd6 43. Rd1 Rc6 44. Rd4 f5 45. g3 e5 46. Rd5 f4+ 47. gxf4 gxf4+ 48. Kf2 Ke6 49. Bg2 Ra6 50. Rc5 a3 51. bxa3 Rxa3 52. Bd5+ Kd7 53. Bc6+ Ke6 54. Bd5+ Kd7 55. Kf3 1/2-1/2

[Event "Millennium-Meisterturnier 2022"]
[Site "Tornelo"]
[Date "2022.03.23"]
[Round "6.2"]
[White "Lerch, Johannes"]
[Black "Hess, Max"]
[Result "1/2-1/2"]
[ECO "B15"]
[WhiteElo "2229"]
[BlackElo "2395"]
[Annotator "NA"]
[PlyCount "102"]
[EventDate "2022.03.23"]
[EventType "tourn"]
[EventCountry "NET"]
[SourceTitle "playchess.com"]
[Source "ChessBase"]
[SourceQuality "1"]
[TimeControl "40/5400+30:1800+30"]

1. e4 c6 2. Nc3 d5 3. Nf3 g6 4. d4 dxe4 5. Nxe4 Bg7 6. h3 Nf6 7. Nxf6+ exf6 8. Bc4 O-O 9. O-O a5 10. a4 Na6 11. c3 Nc7 12. Bf4 Nd5 13. Bh2 Be6 14. Bb3 Re8 15. Re1 b6 16. Bc2 Qd7 17. Nd2 Bh6 18. Nf1 Bf5 19. Bxf5 Qxf5 20. Ng3 Rxe1+ 21. Qxe1 Qd7 22. Qf1 Re8 23. Re1 Re6 24. Rxe6 Qxe6 25. Qe2 Bc1 26. Qxe6 fxe6 27. c4 Ne7 28. b3 Bb2 29. Ne2 Nf5 30. c5 bxc5 31. dxc5 e5 32. Kf1 Nd4 33. Nxd4 Bxd4 34. Ke2 Kf7 35. Bg3 Ke6 36. f3 Bxc5 37. Kd3 Kd5 38. Bh4 f5 39. Bd8 Bb4 40. Bc7 e4+ 41. fxe4+ fxe4+ 42. Ke3 c5 43. g4 c4 44. bxc4+ Kxc4 45. Kxe4 Kb3 46. Ke5 Kxa4 47. g5 Kb3 48. Bxa5 Bxa5 49. Kf6 Bd8+ 50. Kg7 Bxg5 51. Kxh7 Bh4 1/2-1/2

[Event "Millennium-Meisterturnier 2022"]
[Site "Tornelo"]
[Date "2022.03.23"]
[Round "6.3"]
[White "Lohvinov, Petro"]
[Black "Schneider, Jana"]
[Result "1/2-1/2"]
[ECO "C69"]
[WhiteElo "2230"]
[BlackElo "2266"]
[Annotator "NA"]
[PlyCount "74"]
[EventDate "2022.03.23"]
[EventType "tourn"]
[EventCountry "NET"]
[SourceTitle "playchess.com"]
[Source "ChessBase"]
[SourceQuality "1"]
[TimeControl "40/5400+30:1800+30"]

1. e4 e5 2. Nf3 Nc6 3. Bb5 a6 4. Bxc6 dxc6 5. O-O f6 6. d4 exd4 7. Nxd4 c5 8. Ne2 Qxd1 9. Rxd1 Bd7 10. Nbc3 Ne7 11. Be3 Nc6 12. Nd5 O-O-O 13. Nec3 Be6 14. Rd2 Bd6 15. Rad1 Kb8 16. b3 Ne5 17. Nf4 Bd7 18. Nd3 Nxd3 19. Rxd3 b6 20. Nd5 Bc6 21. f3 Kb7 22. Bf4 Bxd5 23. Rxd5 Kc6 24. Kf2 Rhe8 25. c4 Re6 26. h4 b5 27. Be3 bxc4 28. bxc4 Rb8 29. Ke2 Rb4 30. Kd3 Re8 31. Rc1 Ra4 32. Rc2 Rb8 33. Bd2 Be5 34. Be3 Bd6 35. Bd2 Be5 36. Be3 Bd6 37. Bd2 Be5 1/2-1/2

[Event "Millennium-Meisterturnier 2022"]
[Site "Tornelo"]
[Date "2022.03.23"]
[Round "6.4"]
[White "Goldbeck, Lars"]
[Black "Prusikin, Michael"]
[Result "1/2-1/2"]
[ECO "A17"]
[WhiteElo "2259"]
[BlackElo "2540"]
[Annotator "ChessBase"]
[PlyCount "30"]
[EventDate "2022.03.23"]
[EventType "tourn"]
[EventCountry "NET"]
[SourceTitle "playchess.com"]
[Source "ChessBase"]
[SourceQuality "1"]
[TimeControl "40/5400+30:1800+30"]

1. Nf3 Nf6 2. c4 e6 3. e3 d5 4. Nc3 Bd6 5. b3 O-O 6. Bb2 Re8 7. Be2 b6 8. cxd5 exd5 9. Nb5 c5 10. Nxd6 Qxd6 11. O-O Bb7 12. d4 Nbd7 13. Bd3 Ne4 14. Qe2 Rac8 15. Rfd1 Qe7 1/2-1/2

[Event "Millennium-Meisterturnier 2022"]
[Site "Tornelo"]
[Date "2022.03.23"]
[Round "6.5"]
[White "Nestorovic, Nikola"]
[Black "Huber, Benedikt"]
[Result "1-0"]
[ECO "C54"]
[WhiteElo "2456"]
[BlackElo "2191"]
[Annotator "ChessBase"]
[PlyCount "91"]
[EventDate "2022.03.23"]
[EventType "tourn"]
[EventCountry "NET"]
[SourceTitle "playchess.com"]
[Source "ChessBase"]
[SourceQuality "1"]
[TimeControl "40/5400+30:1800+30"]

1. e4 e5 2. Nf3 Nc6 3. Bc4 Nf6 4. d3 Bc5 5. c3 a6 6. O-O d6 7. Bb3 Ba7 8. Nbd2 O-O 9. Re1 h6 10. Nf1 Re8 11. Ng3 Be6 12. Bc2 Qd7 13. d4 exd4 14. cxd4 Bg4 15. Be3 Nh5 16. d5 Ne7 17. Bxa7 Rxa7 18. e5 Nxg3 19. hxg3 dxe5 20. Rxe5 Raa8 21. Qd2 Bf5 22. Bb3 Rad8 23. Qb4 c6 24. Rae1 Nxd5 25. Rxe8+ Rxe8 26. Rxe8+ Qxe8 27. Qxb7 Qc8 28. Qa7 Nc7 29. Ne5 Be6 30. Bxe6 Nxe6 31. Qxf7+ Kh7 32. f4 Nd4 33. Nd7 Qd8 34. Kh2 a5 35. f5 Qg5 36. f6 Nf5 37. Nf8+ Kh8 38. Ng6+ Kh7 39. Nf8+ Kh8 40. fxg7+ Nxg7 41. Ng6+ Kh7 42. Ne7 Qh5+ 43. Qxh5 Nxh5 44. Nxc6 a4 45. g4 Nf6 46. Kg3 1-0